 Dungeon Crawl Stone Soup version 0.29-a0-876-gfc89b1a5bd (webtiles) character file.

Game seed: 16806215606812885921

471 IdlyInterested the Trooper (level 6, 0/51 HPs)
             Began as a Demonspawn Fighter on July 19, 2022.
             Slain by a mummy (11 damage)
             ... in an ossuary.
             The game lasted 00:09:29 (3551 turns).

IdlyInterested the Trooper (Demonspawn Fighter)     Turns: 3551, Time: 00:09:30

Health: 0/51       AC: 10    Str: 16    XL:     6   Next: 83%
Magic:  6/6        EV:  6    Int:  9    God:
Gold:   107        SH:  5    Dex: 15    Spells: 5/5 levels left

rFire   . . .      SeeInvis .     - Unarmed
rCold   + . .      Faith    .   c - +0 buckler
rNeg    . . .      Spirit   .   w - +0 chain mail
rPois   .          Reflect  .   (no helmet)
rElec   .          Harm     .   (cloak unavailable)
rCorr   .          Rampage  .   (no gloves)
Will    .....                   g - +0 pair of boots
Stlth   ..........              (no amulet)
HPRegen 0.17/turn               h - ring of protection from cold
MPRegen 0.10/turn               q - ring of flight

@: marked, flying
A: weakness stinger 3, demonic touch 1
a: no special abilities


You were in an ossuary.
You visited 1 branch of the dungeon, and saw 4 of its levels.
You also visited: Ossuary.

You collected 107 gold pieces.

Inventory:

Hand Weapons
 a - a +0 war axe
 u - a +0 falchion of freezing
Missiles
 n - 5 javelins
 p - 6 boomerangs (quivered)
 v - 5 poisoned darts
Armour
 c - a +0 buckler (worn)
 g - a +0 pair of boots (worn)
 w - a +0 chain mail (worn)
Jewellery
 b - an amulet of faith
 h - a ring of protection from cold (left hand)
 j - a ring of wizardry
 q - a ring of flight (right hand)
Scrolls
 f - a scroll of fear
Potions
 d - a potion of might
 e - 3 potions of curing {unknown}
 i - a potion of lignification
 k - a potion of resistance {unknown}
 l - 2 potions of heal wounds
 m - 2 potions of invisibility {unknown}
 o - a potion of ambrosia {unknown}
 r - a potion of flight {unknown}
 s - a potion of mutation


   Skills:
 + Level 5.0 Fighting
 - Level 2.4 Axes
 - Level 2.6 Armour
 + Level 0.9 Dodging
 - Level 3.0 Stealth
 - Level 3.0 Shields
 * Level 3.4 Unarmed Combat


You had 5 spell levels left.
You didn't know any spells.
Your spell library contained the following spells:

 Spells                   Type           Power      Damage    Failure   Level
 Ensorcelled Hibernation  Hex/Ice        0%         N/A       100%        2
 Passwall                 Tmut/Erth      0%         N/A       100%        2
 Swiftness                Air            0%         N/A       100%        3


Dungeon Overview and Level Annotations

Branches:
Dungeon (4/15)            Ossuary (1/1)
 Temple: D:4-7

Altars:
Ashenzari


Innate Abilities, Weirdness & Mutations

You have a sharp stinger which inflicts weakening toxins.
Your touch may inflict minor irresistible damage on your foes.


Message History

The mummy is lightly damaged.
The mummy hits you!
You hit the mummy but do no damage.
The mummy is lightly damaged.
You hit the mummy. You tail-slap the mummy.
The mummy is moderately damaged.
The mummy hits you but does no damage.
You hit the mummy.
The mummy is heavily damaged.
The mummy hits you!
You hit the mummy.
The mummy is severely damaged.
You hit the mummy but do no damage.
The mummy is severely damaged.
You block the mummy's attack.
You completely miss the mummy.
The mummy is severely damaged.
You hit the mummy.
The mummy is severely damaged.
The mummy barely misses you.
You punch the mummy!
You destroy the mummy!
Your Fighting skill increases to level 5!
Found a scroll of torment.
The mummy hits you.
You hit the mummy.
You tail-slap the mummy, but do no damage.
The mummy is lightly damaged.
You hit the mummy.
The mummy is lightly damaged.
The mummy hits you but does no damage.
You hit the mummy.
The mummy is moderately damaged.
The mummy hits you!
* * * LOW HITPOINT WARNING * * *
You barely miss the mummy.
The mummy is moderately damaged.
You barely miss the mummy.
The mummy is moderately damaged.
The mummy hits you!
You die... ### ###.### ##### ?..?. ##### #...# ZMM

#.?!# #...# #M# #..!#
##.## #@# ##.## ###.#
###'### #.### #.'.##
##.....## ##.'.#
###..###.......###..###
#.'...#.........#...'.#
###...'....⌠....'...###
#.'...#.........#...'.#
###..###.......###..###
#.'.## ##.....## ##.'.#


You could see 3 mummies and an iguana skeleton.

Vanquished Creatures
  A bullfrog zombie (Ossuary)
  3 human zombies (Ossuary)
  A jelly (D:4)
  A hound (D:4)
  A black bear zombie (Ossuary)
  A centaur zombie (Ossuary)
  2 orc wizards (D:3)
  A hound zombie (Ossuary)
  A hound skeleton (Ossuary)
  2 mummies (Ossuary)
  3 adders (D:3)
  A gnoll skeleton (Ossuary)
  A jelly zombie (Ossuary)
  3 worms
  2 dart slugs
  7 orcs (D:3)
  4 ball pythons
  4 bats
  7 endoplasms
  3 giant cockroaches (D:1)
  6 goblins
  5 hobgoblins
  3 jackals (D:1)
  7 kobolds
  2 quokkas
  2 frilled lizards
  A goblin zombie (Ossuary)
  2 hobgoblin zombies (Ossuary)
  An orc zombie (Ossuary)
  4 rats
82 creatures vanquished.

Notes
Turn   | Place    | Note
-------+----------+-------------------------------------------
     0 | D:1      | IdlyInterested the Demonspawn Fighter began the quest for
                  | the Orb.
     0 | D:1      | Reached XP level 1. HP: 18/18 MP: 1/1
   364 | D:1      | Discovered your monstrous ancestry.
   364 | D:1      | Gained mutation: You have a small tail. [demonic ancestry]
   364 | D:1      | Reached XP level 2. HP: 22/24 MP: 2/2
   760 | D:1      | Found a faded altar of an unknown god.
   767 | D:1      | Reached skill level 1 in Stealth
  1084 | D:2      | Gained mutation: You have a tail ending in a sharp stinger.
                  | [demonic ancestry]
  1084 | D:2      | Reached XP level 3. HP: 27/29 MP: 3/3
  1959 | D:3      | Gained mutation: Your touch may inflict minor irresistible
                  | damage on your foes. [demonic ancestry]
  1959 | D:3      | Reached XP level 4. HP: 23/37 MP: 4/4
  2166 | D:3      | Reached skill level 4 in Fighting
  2168 | D:3      | HP: 1/37 [orc/+0 falchion of freezing (1)]
  2170 | D:3      | Reached skill level 1 in Unarmed Combat
  2196 | D:3      | HP: 1/37 [poisoned by an adder]
  2197 | D:3      | Gained mutation: You have a sharp stinger which inflicts
                  | weakening toxins. [demonic ancestry]
  2197 | D:3      | Reached XP level 5. HP: 2/42 MP: 5/5
  2383 | D:3      | Found a broken altar of Ashenzari.
  2772 | D:4      | HP: 2/42 [hound (5)]
  2784 | D:4      | Found a sand-covered staircase.
  2793 | Ossuary  | Entered an ossuary
  3081 | Ossuary  | Reached XP level 6. HP: 43/49 MP: 6/6
  3546 | Ossuary  | Reached skill level 5 in Fighting
  3551 | Ossuary  | Slain by a mummy

Illustrated notes

Levels and vault maps discovered:
D:1:      dpeg_arrival_rhombus, layout_loops_corners,
          ebering_ecumenical_altar_box
D:2:      layout_rooms
D:3:      layout_rooms, ashenzari_conservatory_becter
D:4:      layout_basic, tso_metal_star, chequers_ossuary_entry_cave, st_stairs_2
Ossuary:  ossuary_crypta

Skill      XL: |  1  2  3  4  5  6 |
---------------+-------------------+-----
Shields        | 3 |  3.0
Axes           | 2 |  2.4
Stealth        | 1 2 3 |  3.0
Fighting       | 4 5 |  5.0
Unarmed Combat | 1 2 3 |  3.4
Armour         | |  2.6
Dodging        | |  0.9

Action                   |  1- 3 |  4- 6 || total
-------------------------+-------+-------++-------
Melee: War axe           |   112 |   108 ||   220
       Tailslap          |    14 |    26 ||    40
       Unarmed           |       |    86 ||    86
Throw: Boomerang         |       |    12 ||    12
  Use: Scroll            |     3 |     5 ||     8
       Potion            |       |     3 ||     3
Armor: Scale mail        |    57 |    23 ||    80
       Chain mail        |       |   106 ||   106
Dodge: Dodged            |    32 |    72 ||   104
Block: Buckler           |    28 |    41 ||    69

Table legend: (Time is in decaauts)
 A = Elapsed time spent in this place.
 B = Non-inter-level travel time spent in this place.
 C = Inter-level travel time spent in this place.
 D = Time resting spent in this place.
 E = Time spent auto-exploring this place.
 F = Levels seen in this place.
 G = Mean time per level.
                   A        B        C        D        E       F      G
               +--------+--------+--------+--------+--------+-----+--------+
         Total |   3646 |   3409 |    237 |    804 |   1673 |   5 |  729.2 |
       Dungeon |   2870 |   2633 |    237 |    313 |   1673 |   4 |  717.5 |
       Ossuary |    775 |    775 |      0 |    491 |      0 |   1 |  775.0 |
               +--------+--------+--------+--------+--------+-----+--------+

Top non-repeatable levels by time:
     D:1: 1104 daAuts
     D:3: 936 daAuts
     D:2: 783 daAuts
 Ossuary: 775 daAuts
     D:4: 47 daAuts
